Map: World of Sleepers LE

Players

SpeCial

  • Race: Terran Terran
  • Spawn Location: 7:00

ShoWTimE - Winner!

  • Race: Protoss Protoss
  • Spawn Location: 1:00

Event: 2019 WCS Global FInals

VOD

Have the link to the VOD?

Description

Time

  • Played on: Oct. 24, 2019, 5:09 a.m.
  • Length: 9:15

All games in this series

Show
View Real Time Build Order
Export as new Build Order

SpeCial Terran 

Build Orders: Reaper Expand 

Get SALT Encoding   

  12  0:00  SCV  
  13  0:13  SCV  
  14  0:17  Supply Depot  
  14  0:25  SCV  
  15  0:38  SCV  
  15  0:40  Barracks  
  16  0:43  Refinery  
  16  0:50  SCV  
  17  1:03  SCV  
  18  1:15  SCV  
  19  1:27  Reaper, Orbital Command  
  20  1:43  Command Center  
  20  1:50  Supply Depot  
  20  1:53  SCV  
  21  1:59  Marine  
  22  2:03  Factory  
  22  2:06  SCV  
  23  2:10  Refinery  
  23  2:18  SCV  
  23  2:21  Barracks Reactor  
  24  2:30  SCV  
  25  2:42  SCV  
  26  2:49  Starport  
  26  2:54  Widow Mine, SCV  
  26  2:55  Orbital Command  
  26  2:57  Marine  
  26  2:58  Marine  
  31  3:06  SCV  
  32  3:15  Marine x2  
  32  3:18  SCV  
  35  3:20  Factory Tech Lab  
  35  3:24  SCV  
  35  3:27  Viking  
  35  3:30  SCV  
  35  3:33  Marine x2  
  40  3:35  Supply Depot  
  40  3:36  SCV  
  40  3:38  Cyclone  
  44  3:42  SCV  
  44  3:47  Barracks  
  44  3:48  SCV  
  46  3:56  Marine x2  
  46  3:57  Supply Depot, SCV  
  46  4:00  SCV  
  50  4:05  Barracks  
  50  4:09  SCV  
  51  4:12  SCV  
  51  4:14  Marine x2  
  54  4:21  SCV  
  54  4:24  Raven, Factory Tech Lab, SCV  
  57  4:25  Supply Depot  
  58  4:32  Marine x2  
  58  4:33  Bunker  
  58  4:34  Engineering Bay  
  58  4:35  SCV  
  58  4:36  SCV  
  62  4:43  Refinery  
  62  4:47  SCV  
  62  4:48  Supply Depot  
  62  4:50  Marine x2  
  62  4:52  Marine  
  65  4:53  Factory Reactor, Stimpack  
  65  4:54  Marine  
  65  4:56  SCV  
  65  4:59  SCV  
  69  5:02  Terran Infantry Weapons Level 1  
  69  5:12  SCV x2  
  71  5:16  Refinery  
  71  5:19  Supply Depot  
  71  5:20  Marine x2  
  75  5:21  Marauder  
  75  5:24  SCV  
  75  5:25  Barracks  
  75  5:27  Barracks  
  75  5:28  SCV  
  76  5:31  Combat Shield, Marauder  
  78  5:36  Factory Reactor  
  78  5:40  Medivac, SCV x2  
  82  5:45  Supply Depot  
  82  5:48  Marine x2  
  82  5:49  Medivac  
  86  5:54  Missile Turret  
  86  6:03  Missile Turret  
  86  6:06  Marine x2, Marauder  
  86  6:07  Supply Depot  
  86  6:08  Marauder  
  92  6:16  Medivac  
  94  6:25  Supply Depot  
  94  6:29  Widow Mine x2, Marine x3  
  94  6:30  Supply Depot  
  101  6:39  Marine  
  102  6:42  Marauder  
  102  6:46  SCV  
  102  6:47  Marine x3, Marauder  
  105  6:50  Supply Depot  
  105  6:51  Widow Mine  
  105  6:52  Widow Mine  
  112  6:54  Concussive Shells  
  112  6:57  Marine  
  112  7:04  Marine x3, Marauder  
  117  7:12  Marauder  
  117  7:14  Marine  
  120  7:18  Widow Mine x2  
  120  7:22  Marine x2  
  124  7:24  Supply Depot  
  126  7:34  Marine, Marauder  
  126  7:35  Marauder  
  126  7:36  Marine  
  90  7:46  Marine  
  90  7:48  Marine  
  90  7:49  Widow Mine  
  90  7:51  Medivac  
  78  7:52  Marine  
  78  7:53  Widow Mine  
  78  7:56  Marauder  
  78  7:57  Marauder  
  85  8:01  Marine  
  86  8:11  Widow Mine  
  87  8:15  Marine  
  87  8:17  Marauder  
  87  8:18  Marauder  
  82  8:22  Marine  
  82  8:24  Marine  
  84  8:27  Marine  
  84  8:31  SCV x2  
  84  8:33  Marine  
  90  8:34  Widow Mine  
  90  8:36  Widow Mine  
  90  8:38  Marauder  
  90  8:40  Marine, Marauder  
  97  8:42  Marine  
  97  8:45  Marine  
  99  8:51  Marine  
Show
View Real Time Build Order
Export as new Build Order

ShoWTimE Protoss - Winner!

Build Orders: 1 Gate Expand, Phoenix Opening, Zealot Archon 

Get SALT Encoding   

  12  0:00  Probe  
  13  0:12  Probe  
  14  0:17  Pylon  
  14  0:24  Probe (Chrono Boost)  
  15  0:36  Gateway, Probe (Chrono Boost)  
  16  0:44  Probe (Chrono Boost)  
  16  0:46  Assimilator  
  17  0:51  Probe  
  18  1:03  Probe  
  19  1:15  Probe  
  20  1:24  Cybernetics Core  
  20  1:33  Nexus  
  20  1:36  Probe  
  21  1:43  Pylon  
  21  1:48  Probe  
  21  1:52  Assimilator  
  22  1:59  Adept (Chrono Boost)  
  22  2:01  Probe  
  25  2:13  Probe  
  26  2:18  Stargate  
  26  2:23  Adept  
  26  2:26  Probe  
  29  2:39  Warp Gate  
  29  2:40  Probe (Chrono Boost)  
  30  2:46  Probe (Chrono Boost)  
  32  2:55  Probe x2 (Chrono Boost)  
  33  3:00  Probe (Chrono Boost)  
  33  3:02  Phoenix  
  33  3:04  Adept  
  39  3:06  Probe (Chrono Boost)  
  39  3:11  Pylon  
  40  3:12  Probe (Chrono Boost)  
  40  3:17  Probe (Chrono Boost)  
  40  3:18  Probe (Chrono Boost)  
  42  3:27  Phoenix, Probe (Chrono Boost)  
  45  3:29  Probe (Chrono Boost)  
  46  3:39  Probe (Chrono Boost)  
  48  3:42  Gateway x2  
  48  3:43  Probe (Chrono Boost)  
  48  3:45  Pylon  
  48  3:47  Probe (Chrono Boost)  
  48  3:50  Probe  
  48  3:52  Phoenix  
  52  3:59  Probe  
  53  4:03  Probe  
  54  4:10  Nexus  
  54  4:14  Pylon  
  54  4:15  Probe  
  54  4:16  Probe  
  56  4:22  Phoenix  
  58  4:28  Assimilator, Probe x2  
  58  4:30  Assimilator  
  60  4:35  Forge  
  60  4:38  Twilight Council  
  60  4:41  Probe  
  60  4:42  Probe  
  62  4:53  Charge (Chrono Boost)  
  62  4:55  Probe x2  
  62  4:59  Protoss Ground Armor Level 1 (Chrono Boost)  
  64  5:03  Gateway x2  
  64  5:07  Pylon  
  64  5:10  Gateway  
  64  5:20  Gateway x2  
  64  5:21  Sentry  
  66  5:22  Sentry  
  66  5:27  Probe x3  
  71  5:30  Templar Archives  
  71  5:39  Probe x3  
  71  5:41  Oracle  
  77  5:50  Pylon  
  77  5:51  Probe x2  
  77  5:53  Probe  
  77  5:55  Pylon  
  80  6:01  Zealot x2  
  80  6:02  Zealot x2  
  80  6:03  Probe  
  89  6:10  High Templar x2  
  93  6:14  Archon  
  93  6:15  Pylon  
  93  6:17  Pylon  
  93  6:20  Pylon  
  93  6:27  Zealot x4  
  93  6:28  Zealot x2  
  93  6:31  Pylon  
  105  6:34  Probe  
  105  6:35  Probe x2  
  105  6:37  Unknown  
  108  6:44  Phoenix  
  108  6:47  High Templar x2  
  108  6:49  Zealot x5  
  108  6:52  Zealot  
  108  6:54  Archon  
  124  7:04  Pylon  
  124  7:06  Robotics Facility  
  124  7:09  Phoenix  
  126  7:17  Zealot x4  
  126  7:18  Zealot x2  
  126  7:20  Pylon  
  126  7:22  Stalker  
  140  7:23  Zealot  
  132  7:38  Zealot x6  
  122  7:50  Zealot x2  
  108  7:57  Observer (Chrono Boost)  
  109  8:00  High Templar  
  109  8:01  Zealot x4, High Templar  
  121  8:06  Archon  
  121  8:09  Phoenix  
  124  8:15  Zealot x2  
  118  8:21  Immortal (Chrono Boost)  
  118  8:23  Zealot x4  
  127  8:34  High Templar x2  
  127  8:38  Archon  
  127  8:39  Phoenix  
  127  8:40  Zealot x2  
  137  8:46  Zealot x4  
  137  9:01  Zealot x2  
Tags
 
Add a new tag
Caveats
  • Supply blocks, unpowered buildings, or Contaminate may cause inaccurate times.
  • Supply counts are checked every 10 seconds.